[ AOE2 MATCH · #477302564 ]
UnrankedRomans vs Teutons
Player's team · LOSS
Rival team · WIN
[ REPLAY ANALYSIS · EXTRACTED FROM THE RECORDED GAME ]
Feudal
22:44
Castle
34:55
Imperial
—
| APM avg | 69.6 |
| APM peak | 129 |
| eAPM avg | 37.4 |
| Villagers / military | 101 / 29 |
Focus
⚔️ 33.0% · 🌾 67.0%
Militia ×21 · Battering Ram ×7 · Scorpion ×1
Feudal
21:51
Castle
36:37
Imperial
—
| APM avg | 48.0 |
| APM peak | 129 |
| eAPM avg | 21.3 |
| Villagers / military | 85 / 37 |
Focus
⚔️ 31.3% · 🌾 68.7%
Knight ×37
Match map
Initial resources + every placement click. Lines = walls · curves = elevation contours. ◆ gold · ⬟ stone · ● berries · ✦ relic · ◌ wall gap
Your base· Open — unwalled flank
TRex's base· Open — unwalled flank
Smoothed initial terrain · ◌ = detected wall gap · hover for details
Inputs per minute
— Chapulin Colorado - - TRex
Build order — Chapulin Colorado
First 150 of 250 actions detected
| 0:00 | Create | Villager (Male) |
| 0:01 | Create | Villager (Male) |
| 0:01 | Create | Villager (Male) |
| 0:02 | Build | House |
| 0:03 | Build | House |
| 0:15 | Create | Villager (Male) |
| 1:17 | Research | Loom |
| 1:18 | Research | Loom |
| 1:51 | Create | Villager (Male) |
| 1:54 | Create | Villager (Male) |
| 2:39 | Build | House |
| 3:23 | Create | Villager (Male) |
| 3:23 | Create | Villager (Male) |
| 3:24 | Create | Villager (Male) |
| 3:37 | Build | House |
| 4:09 | Create | Villager (Male) |
| 4:28 | Create | Villager (Male) |
| 4:28 | Create | Villager (Male) |
| 4:42 | Build | Palisade Wall |
| 4:43 | Build | Palisade Wall |
| 5:19 | Build | House |
| 5:24 | Create | Villager (Male) |
| 5:25 | Create | Villager (Male) |
| 5:25 | Create | Villager (Male) |
| 5:31 | Build | Palisade Wall |
| 5:32 | Build | Palisade Wall |
| 5:38 | Build | Palisade Wall |
| 5:53 | Create | Villager (Male) |
| 5:54 | Create | Villager (Male) |
| 6:07 | Build | Palisade Wall |
| 6:47 | Create | Villager (Male) |
| 6:47 | Create | Villager (Male) |
| 7:19 | Build | Mill |
| 7:55 | Create | Villager (Male) |
| 7:55 | Create | Villager (Male) |
| 8:21 | Build | Mill |
| 8:46 | Build | House |
| 8:48 | Build | Lumber Camp |
| 8:49 | Create | Villager (Male) |
| 8:49 | Create | Villager (Male) |
| 9:33 | Create | Villager (Male) |
| 9:34 | Create | Villager (Male) |
| 9:35 | Create | Villager (Male) |
| 9:56 | Create | Villager (Male) |
| 9:56 | Create | Villager (Male) |
| 10:03 | Create | Villager (Male) |
| 10:04 | Create | Villager (Male) |
| 10:12 | Create | Villager (Male) |
| 10:12 | Create | Villager (Male) |
| 10:34 | Create | Villager (Male) |
| 10:34 | Create | Villager (Male) |
| 10:42 | Create | Villager (Male) |
| 10:42 | Create | Villager (Male) |
| 12:38 | Build | Farm |
| 12:40 | Build | Farm |
| 12:52 | Build | Palisade Wall |
| 12:53 | Build | Palisade Wall |
| 12:57 | Build | Palisade Wall |
| 12:58 | Build | Palisade Wall |
| 13:01 | Build | Palisade Wall |
| 13:06 | Create | Villager (Male) |
| 13:38 | Build | Farm |
| 13:39 | Build | Farm |
| 13:40 | Build | Farm |
| 14:18 | Create | Villager (Male) |
| 14:18 | Create | Villager (Male) |
| 14:33 | Build | Palisade Wall |
| 14:47 | Create | Villager (Male) |
| 14:47 | Create | Villager (Male) |
| 15:21 | Create | Villager (Male) |
| 15:30 | Create | Villager (Male) |
| 15:31 | Create | Villager (Male) |
| 15:31 | Create | Villager (Male) |
| 15:31 | Create | Villager (Male) |
| 15:41 | Build | Farm |
| 15:42 | Build | Farm |
| 15:52 | Create | Villager (Male) |
| 16:14 | Build | Palisade Wall |
| 16:28 | Create | Villager (Male) |
| 16:28 | Create | Villager (Male) |
| 16:38 | Build | House |
| 16:44 | Build | Palisade Wall |
| 16:53 | Create | Villager (Male) |
| 16:53 | Create | Villager (Male) |
| 16:56 | Build | Farm |
| 17:16 | Create | Villager (Male) |
| 17:21 | Build | Farm |
| 17:24 | Build | Farm |
| 17:37 | Create | Villager (Male) |
| 17:44 | Build | House |
| 17:50 | Create | Villager (Male) |
| 18:25 | Create | Villager (Male) |
| 18:26 | Create | Villager (Male) |
| 18:53 | Build | Farm |
| 18:56 | Create | Villager (Male) |
| 19:00 | Create | Villager (Male) |
| 19:00 | Create | Villager (Male) |
| 19:10 | Build | House |
| 19:40 | Create | Villager (Male) |
| 19:53 | Create | Villager (Male) |
| 20:04 | Build | Farm |
| 20:25 | Build | House |
| 20:34 | Research | Feudal Age |
| 20:34 | Research | Feudal Age |
| 20:34 | Research | Feudal Age |
| 20:38 | Build | Barracks |
| 20:56 | Build | Mining Camp |
| 21:13 | Create | Villager (Male) |
| 21:13 | Create | Villager (Male) |
| 21:16 | Build | Barracks |
| 21:52 | Create | Militia |
| 21:53 | Create | Militia |
| 22:16 | Create | Militia |
| 22:44 | Age | Feudal Age |
| 22:55 | Build | House |
| 22:57 | Build | House |
| 23:02 | Research | Man-at-Arms (upgrade) |
| 23:02 | Research | Man-at-Arms (upgrade) |
| 23:03 | Research | Man-at-Arms (upgrade) |
| 23:04 | Create | Villager (Male) |
| 23:35 | Create | Militia |
| 23:35 | Create | Militia |
| 23:36 | Create | Villager (Male) |
| 24:14 | Research | Town Watch |
| 24:20 | Create | Villager (Male) |
| 24:20 | Create | Villager (Male) |
| 24:20 | Create | Villager (Male) |
| 24:21 | Create | Villager (Male) |
| 24:48 | Create | Villager (Male) |
| 24:48 | Create | Villager (Male) |
| 24:49 | Create | Villager (Male) |
| 24:57 | Build | Farm |
| 25:06 | Build | Lumber Camp |
| 25:27 | Create | Militia |
| 25:51 | Build | House |
| 26:18 | Create | Villager (Male) |
| 26:18 | Create | Villager (Male) |
| 26:31 | Build | Palisade Gate |
| 26:33 | Build | House |
| 26:36 | Build | House |
| 26:39 | Build | House |
| 27:00 | Create | Villager (Male) |
| 27:10 | Create | Villager (Male) |
| 27:10 | Create | Villager (Male) |
| 27:35 | Create | Villager (Male) |
| 27:35 | Create | Villager (Male) |
| 28:40 | Create | Militia |
| 29:06 | Build | Market |
| 29:23 | Research | Wheelbarrow |
| 29:23 | Research | Wheelbarrow |
Build order — TRex
First 150 of 270 actions detected
| 0:01 | Create | Villager (Male) ×4 |
| 0:02 | Build | House |
| 0:03 | Build | House |
| 0:30 | Research | Loom |
| 0:31 | Research | Loom |
| 0:48 | Create | Villager (Male) |
| 0:49 | Create | Villager (Male) |
| 2:02 | Create | Villager (Male) |
| 2:02 | Create | Villager (Male) |
| 2:56 | Create | Villager (Male) |
| 2:56 | Create | Villager (Male) |
| 4:24 | Create | Villager (Male) |
| 4:24 | Create | Villager (Male) |
| 4:46 | Build | Palisade Wall |
| 4:49 | Build | Palisade Wall |
| 4:50 | Build | Palisade Wall |
| 4:52 | Build | Palisade Wall |
| 4:55 | Build | Palisade Wall |
| 4:56 | Build | Palisade Wall |
| 5:13 | Build | Lumber Camp |
| 5:14 | Create | Villager (Male) |
| 5:14 | Create | Villager (Male) |
| 5:36 | Create | Villager (Male) |
| 6:25 | Create | Villager (Male) |
| 6:26 | Create | Villager (Male) |
| 6:31 | Build | House |
| 6:44 | Build | House |
| 7:03 | Create | Villager (Male) |
| 7:04 | Create | Villager (Male) |
| 7:04 | Create | Villager (Male) |
| 7:34 | Create | Villager (Male) |
| 7:50 | Build | Palisade Wall |
| 8:18 | Create | Villager (Male) |
| 8:35 | Create | Villager (Male) |
| 8:54 | Create | Villager (Male) |
| 8:55 | Create | Villager (Male) |
| 9:25 | Build | House |
| 9:59 | Build | Palisade Wall |
| 10:22 | Create | Villager (Male) |
| 10:23 | Create | Villager (Male) |
| 10:23 | Create | Villager (Male) |
| 10:23 | Create | Villager (Male) |
| 10:23 | Create | Villager (Male) |
| 10:44 | Create | Villager (Male) |
| 10:44 | Create | Villager (Male) |
| 10:57 | Build | House |
| 12:02 | Create | Villager (Male) |
| 12:03 | Create | Villager (Male) |
| 13:35 | Build | Palisade Wall |
| 14:01 | Create | Villager (Male) |
| 14:01 | Create | Villager (Male) |
| 14:01 | Create | Villager (Male) |
| 14:12 | Build | House |
| 14:27 | Build | Mill |
| 15:07 | Build | Palisade Wall |
| 15:11 | Create | Villager (Male) |
| 15:11 | Create | Villager (Male) |
| 15:14 | Build | Palisade Wall |
| 15:15 | Build | Palisade Wall |
| 15:48 | Build | House |
| 16:20 | Build | House |
| 16:21 | Create | Villager (Male) |
| 16:21 | Create | Villager (Male) |
| 16:21 | Create | Villager (Male) |
| 16:22 | Create | Villager (Male) |
| 16:22 | Create | Villager (Male) |
| 16:22 | Create | Villager (Male) |
| 16:22 | Create | Villager (Male) |
| 16:38 | Build | Palisade Wall |
| 16:40 | Build | Palisade Wall |
| 16:51 | Build | Palisade Wall |
| 17:19 | Create | Villager (Male) |
| 17:19 | Create | Villager (Male) |
| 17:51 | Create | Villager (Male) |
| 18:23 | Create | Villager (Male) |
| 18:58 | Create | Villager (Male) |
| 19:38 | Build | Lumber Camp |
| 19:40 | Research | Feudal Age |
| 19:41 | Research | Feudal Age |
| 20:04 | Build | Lumber Camp |
| 20:27 | Build | Outpost |
| 20:30 | Build | Outpost |
| 20:44 | Build | Palisade Wall |
| 20:46 | Build | Palisade Wall |
| 20:48 | Build | Palisade Wall |
| 20:50 | Build | Palisade Wall |
| 21:09 | Build | Outpost |
| 21:12 | Build | Outpost |
| 21:13 | Build | Outpost |
| 21:51 | Age | Feudal Age |
| 21:58 | Build | Watch Tower |
| 22:00 | Build | Palisade Wall |
| 22:37 | Build | House |
| 22:49 | Build | House |
| 22:53 | Build | House |
| 22:55 | Build | House |
| 22:57 | Build | Palisade Wall |
| 23:18 | Build | Mining Camp |
| 23:21 | Build | Mining Camp |
| 23:23 | Research | Horse Collar |
| 23:23 | Research | Horse Collar |
| 23:25 | Research | Town Watch |
| 23:26 | Research | Wheelbarrow |
| 23:32 | Research | Double-Bit Axe |
| 23:49 | Build | Palisade Wall |
| 23:51 | Build | Palisade Wall |
| 23:51 | Build | Palisade Wall |
| 23:56 | Build | House |
| 24:10 | Build | Stone Wall |
| 24:26 | Build | House |
| 24:38 | Build | Outpost |
| 24:42 | Build | House |
| 24:44 | Create | Villager (Male) |
| 24:44 | Create | Villager (Male) |
| 24:59 | Build | Stone Wall |
| 25:05 | Build | Gate |
| 25:07 | Build | Stone Wall |
| 25:11 | Build | Stone Wall |
| 25:23 | Build | Mining Camp |
| 25:29 | Build | Farm |
| 25:30 | Build | Farm |
| 25:30 | Build | Farm |
| 25:32 | Build | Farm |
| 25:33 | Build | Farm |
| 25:47 | Build | Gate |
| 25:51 | Build | Stone Wall |
| 25:54 | Build | Stone Wall |
| 26:03 | Build | Outpost |
| 26:16 | Create | Villager (Male) |
| 26:16 | Create | Villager (Male) |
| 26:35 | Build | Farm |
| 26:43 | Build | Watch Tower |
| 26:47 | Build | House |
| 27:16 | Create | Villager (Male) |
| 27:17 | Create | Villager (Male) |
| 27:35 | Build | Gate |
| 27:40 | Build | House |
| 27:42 | Build | House |
| 28:05 | Create | Villager (Male) |
| 28:05 | Create | Villager (Male) |
| 28:06 | Create | Villager (Male) |
| 28:36 | Create | Villager (Male) |
| 28:40 | Build | Stone Wall |
| 28:42 | Build | Stone Wall |
| 28:44 | Build | Stone Wall |
| 28:52 | Build | Gate |
| 28:55 | Build | Gate |
| 29:04 | Build | Watch Tower |
| 29:10 | Build | Farm |
| 29:11 | Build | Farm |
Match timeline
| 4:42 | Chapulin Colorado · wall_segment Palisade Wall x1 |
| 4:43 | Chapulin Colorado · wall_segment Palisade Wall x1 |
| 4:46 | TRex · wall_segment Palisade Wall x1 |
| 4:49 | TRex · wall_segment Palisade Wall x1 |
| 4:50 | TRex · wall_segment Palisade Wall x1 |
| 4:52 | TRex · wall_segment Palisade Wall x1 |
| 4:55 | TRex · wall_segment Palisade Wall x1 |
| 4:56 | TRex · wall_segment Palisade Wall x1 |
| 5:31 | Chapulin Colorado · wall_segment Palisade Wall x1 |
| 5:32 | Chapulin Colorado · wall_segment Palisade Wall x1 |
| 5:38 | Chapulin Colorado · wall_segment Palisade Wall x1 |
| 6:07 | Chapulin Colorado · wall_segment Palisade Wall x1 |
| 7:50 | TRex · wall_segment Palisade Wall x1 |
| 9:59 | TRex · wall_segment Palisade Wall x1 |
| 12:52 | Chapulin Colorado · wall_segment Palisade Wall x1 |
| 12:53 | Chapulin Colorado · wall_segment Palisade Wall x1 |
| 12:57 | Chapulin Colorado · wall_segment Palisade Wall x1 |
| 12:58 | Chapulin Colorado · wall_segment Palisade Wall x1 |
| 13:01 | Chapulin Colorado · wall_segment Palisade Wall x1 |
| 13:35 | TRex · wall_segment Palisade Wall x1 |
| 14:33 | Chapulin Colorado · wall_segment Palisade Wall x1 |
| 15:07 | TRex · wall_segment Palisade Wall x1 |
| 15:14 | TRex · wall_segment Palisade Wall x1 |
| 15:15 | TRex · wall_segment Palisade Wall x1 |
| 16:14 | Chapulin Colorado · wall_segment Palisade Wall x1 |
| 16:38 | TRex · wall_segment Palisade Wall x1 |
| 16:40 | TRex · wall_segment Palisade Wall x1 |
| 16:44 | Chapulin Colorado · wall_segment Palisade Wall x1 |
| 16:51 | TRex · wall_segment Palisade Wall x1 |
| 20:38 | Chapulin Colorado · first_building Barracks |
| 20:44 | TRex · wall_segment Palisade Wall x1 |
| 20:46 | TRex · wall_segment Palisade Wall x1 |
| 20:48 | TRex · wall_segment Palisade Wall x1 |
| 20:50 | TRex · wall_segment Palisade Wall x1 |
| 21:51 | TRex · age_up feudal |
| 22:00 | TRex · wall_segment Palisade Wall x1 |
| 22:44 | Chapulin Colorado · age_up feudal |
| 22:57 | TRex · wall_segment Palisade Wall x1 |
| 23:49 | TRex · wall_segment Palisade Wall x2 |
| 23:51 | TRex · wall_segment Palisade Wall x2 |
| 23:51 | TRex · wall_segment Palisade Wall x1 |
| 24:10 | TRex · wall_segment Stone Wall x2 |
| 24:59 | TRex · wall_segment Stone Wall x6 |
| 25:07 | TRex · wall_segment Stone Wall x1 |
| 25:11 | TRex · wall_segment Stone Wall x10 |
| 25:51 | TRex · wall_segment Stone Wall x2 |
| 25:54 | TRex · wall_segment Stone Wall x1 |
| 28:40 | TRex · wall_segment Stone Wall x1 |
| 28:42 | TRex · wall_segment Stone Wall x1 |
| 28:44 | TRex · wall_segment Stone Wall x1 |
| 29:19 | TRex · first_building Barracks |
| 30:14 | Chapulin Colorado · first_market_buy 500 food |
| 30:33 | TRex · wall_segment Stone Wall x1 |
| 30:35 | TRex · wall_segment Stone Wall x2 |
| 30:36 | TRex · wall_segment Stone Wall x1 |
| 30:38 | TRex · wall_segment Stone Wall x1 |
| 30:39 | TRex · wall_segment Stone Wall x1 |
| 30:40 | TRex · wall_segment Stone Wall x1 |
| 30:44 | TRex · wall_segment Stone Wall x1 |
| 31:11 | Chapulin Colorado · first_market_sell 100 wood |
| 31:27 | TRex · wall_segment Stone Wall x2 |
| 31:28 | TRex · wall_segment Stone Wall x1 |
| 31:30 | TRex · wall_segment Stone Wall x1 |
| 31:32 | TRex · wall_segment Stone Wall x1 |
| 31:40 | TRex · wall_segment Stone Wall x1 |
| 33:12 | TRex · wall_segment Stone Wall x1 |
| 33:13 | TRex · wall_segment Stone Wall x1 |
| 33:15 | TRex · wall_segment Stone Wall x1 |
| 34:24 | TRex · first_building Stable |
| 34:55 | Chapulin Colorado · age_up castle |
| 34:57 | Chapulin Colorado · first_building Siege Workshop |
| 36:37 | TRex · age_up castle |
| 37:01 | TRex · first_market_sell 100 food |
| 37:13 | TRex · first_building Castle |
| 38:01 | Chapulin Colorado · wall_segment Palisade Wall x1 |
| 40:45 | Chapulin Colorado · wall_segment Palisade Wall x1 |
| 40:46 | TRex · first_market_buy 100 wood |
| 42:04 | TRex · wall_segment Stone Wall x1 |
| 42:05 | TRex · wall_segment Stone Wall x1 |
| 43:59 | Chapulin Colorado · first_building Castle |
| 44:23 | Chapulin Colorado · resign |
[ AI ANALYSIS · 1 CREDIT ]
What really happened in this match?
Wolo.gg analyzes every decision: build order, eco, micro, common mistakes by bracket. Personalized analysis on WhatsApp or Discord in 30 seconds.
Civ guide
Romans
Perfil
Jugador #25179480